cohdb
Replays
Latest Replays
All Replays
Popular Replays
Top Player Replays
Match Explorer
How It Works
Community
CoH3 Stats
Reddit
Sign in to upload your games and track your stats! →
Sign in with Steam
Match 41925995
Unlisted
Match 41925995
Overview
Messages
Build Orders
End
Construct Barracks
Scout Squad
Riflemen Squad
M1 Mortar Team
Riflemen Squad
Air Support Center
P-47 Strafing Run
Construct Motor Pool
Riflemen Squad
M24 Chaffee Light Tank
Construct Medical Station
Scout Squad
P-47 Strafing Run
P-47 Dive Bomb
Riflemen Squad
M1918 Browning Automatic Rifles
Engineer Squad
P-47 Strafing Run
Construct Tank Depot
P-47 Strafing Run
P-47 Dive Bomb
M4(105) Sherman Bulldozer
P-47 Strafing Run
XuZhongwei
MANSERVICE
0
0
Comments
sign in to comment!
No comments posted yet!